 Dungeon Crawl Stone Soup version 0.20.1-1-g8b1a95d (webtiles) character file.

3201 carlb the Destroyer (level 9, -3/129 HPs)
             Began as a Naga Wizard on Nov 24, 2017.
             Was a Follower of Vehumet.
             Slain by a hippogriff (4 damage)
             ... on level 7 of the Dungeon on Nov 26, 2017.
             The game lasted 00:58:03 (14194 turns).

carlb the Destroyer (Naga Wizard)                  Turns: 14194, Time: 00:58:04

Health: -3/129     AC:  7    Str:  9      XL:     9   Next: 96%
Magic:  2/13       EV:  8    Int: 25      God:    Vehumet [*.....]
Gold:   364        SH:  0    Dex: 13 (15) Spells: 5/14 levels left

rFire    . . .     SeeInvis +   I - +1 spear of Wiypou {drain, rElec rPois Str-5 Dex+4}
rCold    . . .     Gourm    +   (no shield)
rNeg     . . .     Faith    .   L - +0 ring mail of Heivumn {rElec Int+4} (curse)
rPois    +         Spirit   .   j - +2 hat
rElec    +         Reflect  .   C - scarf {cloud immunity}
rCorr    .         Harm     .   (no gloves)
MR       +....                  (no barding)
Stlth    ..........             f - amulet of the gourmand
Regen    0.4/turn               (no ring)
MPRegen  0.2/turn               (no ring)

@: berserking, very slightly contaminated, quick
A: see invisible, deformed body, poison resistance, slowness 2, slow metabolism
1, spit poison 1, AC +3
a: Spit Poison, Renounce Religion


You were on level 7 of the Dungeon.
You worshipped Vehumet.
Vehumet was aware of your devotion.
You were very full.

You visited 3 branches of the dungeon, and saw 10 of its levels.

You collected 364 gold pieces.

Inventory:

Hand Weapons
 w - a +0 hunting sling
 x - a +1 blowgun
 D - a cursed -3 whip
 I - the +1 spear of Wiypou (weapon) {drain, rElec rPois Str-5 Dex+4}
   (You found it on level 4 of the Dungeon)

   A truly terrible weapon, it drains the life of those it strikes.
   It affects your strength (-5).
   It affects your dexterity (+4).
   It insulates you from electricity.
   It protects you from poison.
Missiles
 t - 47 poisoned needles
 u - 56 sling bullets
 v - 11 tomahawks (quivered)
Armour
 a - a +1 robe
 j - a +2 hat (worn)
 C - a scarf of cloud immunity (worn)
 L - the cursed +0 ring mail of Heivumn (worn) {rElec Int+4}
   (You found it on level 8 of the Dungeon)

   It affects your intelligence (+4).
   It insulates you from electricity.
   It has a curse placed upon it.
Jewellery
 f - an amulet of the gourmand (around neck)
 o - an uncursed ring of protection from fire {unknown}
 F - an uncursed ring of protection from cold {unknown}
 S - an uncursed ring of teleportation
Wands
 m - a wand of iceblast (15/15)
 E - a wand of clouds (4/9)
Scrolls
 g - 3 scrolls of teleportation
 i - a scroll of amnesia
 y - a scroll of magic mapping
 A - a scroll of fog
 B - a scroll of blinking
Potions
 k - a potion of berserk rage
 l - a potion of invisibility {unknown}
 n - 2 potions of ambrosia {unknown}
 p - 6 potions of mutation
 s - 2 potions of magic {unknown}
 z - 3 potions of curing {unknown}
 H - 2 potions of flight {unknown}
 J - a potion of resistance {unknown}
 K - 2 potions of degeneration {unknown}
 P - a potion of brilliance {unknown}
 R - a potion of lignification {unknown}
Books
 c - a book of Minor Magic

   Spells                             Type                      Level
   a - Magic Dart                     Conjuration                  1
   b - Blink                          Translocation                2
   c - Call Imp                       Summoning                    2
   d - Slow                           Hexes                        2
   e - Conjure Flame                  Conjuration/Fire             3
   f - Mephitic Cloud                 Conjuration/Poison/Air       3
 q - a book of Misfortune

   Spells                             Type                      Level
   a - Confusing Touch                Hexes                        1
   b - Confuse                        Hexes                        3
   c - Gell's Gravitas                Translocation                3
   d - Petrify                        Transmutation/Earth          4
   e - Metabolic Englaciation         Hexes/Ice                    5
   f - Yara's Violent Unravelling     Hexes/Transmutation          5
Comestibles
 b - 6 fruits
 d - 4 bread rations
 h - 5 meat rations
 r - 3 royal jellies


   Skills:
 + Level 7.2 Fighting
 - Level 1.5 Dodging
 - Level 3.0 Stealth
 - Level 3.0 Spellcasting
 + Level 8.6 Conjurations
 - Level 2.0 Summonings
   Level 1.0 Translocations
 + Level 7.3 Fire Magic


You had 5 spell levels left.
You knew the following spells:

 Your Spells              Type           Power        Failure   Level  Hunger
a - Magic Dart            Conj           ####         1%          1    None
b - Call Imp              Summ           ##......     19%         2    ##.....
c - Conjure Flame         Conj/Fire      #####...     3%          3    ###....
d - Mephitic Cloud        Conj/Pois/Air  ###.....     26%         3    ###....


Dungeon Overview and Level Annotations

Branches:
Dungeon (8/15)             Temple (1/1) D:7            Lair (1/6) D:8

Altars:
Ashenzari
Cheibriados
Dithmenos
Elyvilon
Fedhas
Gozag
Hepliaklqana
Kikubaaqudgha
Makhleb
Nemelex Xobeh
Okawaru
Qazlal
Ru
Sif Muna
Trog
Uskayaw
Vehumet
Xom
Yredelemnul
Zin
The Shining One

Shops:
D:4 }


Innate Abilities, Weirdness & Mutations

You cannot wear boots.
Your serpentine skin is tough. (AC +3)
You have supernaturally acute eyesight. (SInv)
Armour fits poorly on your strangely shaped body.
Your system is resistant to poisons. (rPois)
You cover ground very slowly.
You have a slow metabolism.
You can spit poison.


Message History

You feel clumsy. The quasit completely misses you.
The quasit barely misses you.
The quasit bites you but does no damage.
The quasit claws you but does no damage. x2
You puncture the quasit!
The quasit is almost dead.
You hit the quasit.
You kill the quasit!
You are too berserk!
You are too injured to fight recklessly!
You are too berserk!
You are too berserk!
You are too injured to fight recklessly!
The hippogriff closely misses you. x2; The hippogriff claws you.
* * * LOW HITPOINT WARNING * * *
You puncture the hippogriff! You drain the hippogriff!
The hippogriff is heavily wounded.
The hippogriff bites you but does no damage.
The hippogriff pecks you.
You die...

.#.#.#.(.....#.#.#.# #.#
#.#.#.....#.#)#.##.##### #.#
.#.#.#...#.#.#.#.#.....# #.#
#.#.#.#.#.#.#.#.######.# #.#
###.....#..#.##.# #.# #.#
........#.....(.# #.# #.#
###.....##......# #.# #.# #
#.....###.....######.####.#####
###.......#...)H@................
#.........##>...######.##########
#.#.......####### #.# #.#.......#
#.# #)###.....############.###
#.# #.................)..#
#.###......###########.#.#
#..........####### #.#.#
#########........# #.#.#


You could see a hippogriff.

Vanquished Creatures
  Grinder (D:5)
  2 yaks (D:8)
  A hungry ghost (D:5)
  Menkaure (D:6)
  A phantom (D:6)
  2 sky beasts (D:8)
  An orc warrior (D:7)
  2 ogres
  2 centaurs (D:6)
  A bullfrog (D:8)
  2 scorpions (D:7)
  A vampire bat (D:2)
  A wight (D:8)
  2 bullfrog zombies (D:5)
  4 crimson imps
  A hound (D:8)
  A jelly (D:8)
  4 orc wizards
  3 worker ants
  11 adders
  2 gnolls (D:6)
  2 shadow imps
  An ooze (D:4)
  2 dart slugs
  5 leopard geckos
  13 orcs
  9 bats
  6 giant cockroaches
  17 goblins
  7 hobgoblins
  3 quokkas
  A ball python (D:1)
  4 frilled lizards
  5 kobolds
  A quokka zombie (D:7)
  7 rats
129 creatures vanquished.

Vanquished Creatures (collateral kills)
  A hippogriff (D:8)
  Sigmund (D:5)
  A yak (D:8)
  A water moccasin (D:5)
  An ice beast (D:7)
  A sky beast (D:5)
  An orc warrior (D:7)
  A phantom (D:4)
  3 ogres
  4 scorpions
  A killer bee (D:7)
  3 howler monkeys
  A vampire bat (D:2)
  2 crimson imps
  A jelly (D:5)
  A quasit (D:5)
  A hound (D:8)
  2 bullfrog skeletons
  5 orc wizards
  An iguana (D:5)
  A worker ant (D:8)
  Robin (D:2)
  A gnoll (D:6)
  2 adders
  3 orcs
  A bat skeleton (D:2)
  5 bat zombies (D:2)
  4 goblins
  5 hobgoblins
  4 jackals
  2 bats
62 creatures vanquished.

Grand Total: 191 creatures vanquished

Notes
Turn   | Place    | Note
-------+----------+-------------------------------------------
     0 | D:1      | carlb the Naga Wizard began the quest for the Orb.
     0 | D:1      | Reached XP level 1. HP: 15/15 MP: 4/4
   265 | D:1      | Reached skill level 2 in Conjurations
   265 | D:1      | Reached XP level 2. HP: 22/22 MP: 3/6
   269 | D:1      | Learned a level 2 spell: Call Imp
   885 | D:1      | Reached XP level 3. HP: 28/28 MP: 4/7
   890 | D:1      | Learned a level 3 spell: Conjure Flame
   983 | D:1      | Reached skill level 3 in Conjurations
  1409 | D:2      | Found an ancient bone altar of Kikubaaqudgha.
  1416 | D:2      | Reached XP level 4. HP: 36/36 MP: 3/8
  1476 | D:2      | Reached skill level 4 in Conjurations
  1607 | D:2      | Reached XP level 5. HP: 40/43 MP: 3/9
  2015 | D:2      | Learned a level 3 spell: Mephitic Cloud
  2765 | D:3      | Noticed Robin
  2908 | D:3      | Reached skill level 1 in Fighting
  3148 | D:2      | Killed Robin
  3330 | D:3      | Reached skill level 1 in Fire Magic
  4100 | D:4      | Reached XP level 6. HP: 51/51 MP: 6/10
  4415 | D:4      | Reached skill level 5 in Conjurations
  4646 | D:4      | Got a pitted spear
  4647 | D:4      | Identified the cursed +1 spear of Wiypou {drain, rElec rPois Str-5 Dex+4} (You found it on level 4 of the Dungeon)
  4666 | D:4      | Noticed a phantom
  5062 | D:4      | Found Sanuny's Gadget Emporium.
  5218 | D:4      | Killed a phantom
  5218 | D:4      | Reached XP level 7. HP: 61/61 MP: 2/11
  5484 | D:5      | Entered Level 5 of the Dungeon
  5647 | D:5      | Noticed a hungry ghost
  5689 | D:5      | Killed a hungry ghost
  5804 | D:5      | Found a hazy altar of Hepliaklqana.
  6103 | D:5      | Noticed Sigmund
  6124 | D:5      | Killed Sigmund
  6219 | D:5      | Reached skill level 6 in Conjurations
  6277 | D:5      | Reached XP level 8. HP: 72/72 MP: 4/12
  6337 | D:5      | Noticed Grinder
  6393 | D:5      | Killed Grinder
  6771 | D:6      | Found a sparkling altar of Nemelex Xobeh.
  6800 | D:6      | Found a shadowy altar of Dithmenos.
  6853 | D:6      | Found a glowing silver altar of Zin.
  8006 | D:6      | Reached skill level 5 in Fighting
  8006 | D:6      | Reached skill level 5 in Fire Magic
  8136 | D:6      | Reached skill level 7 in Conjurations
  8408 | D:6      | Found a hide-covered altar of Uskayaw.
  8605 | D:7      | Noticed Menkaure
  8621 | D:6      | Killed Menkaure
  8621 | D:6      | Reached XP level 9. HP: 15/82 MP: 1/13
  9604 | D:7      | Found a burning altar of Makhleb.
  9619 | D:7      | Found a radiant altar of Vehumet.
  9628 | D:7      | Became a worshipper of Vehumet
 10269 | D:7      | Found a staircase to the Ecumenical Temple.
 10281 | Temple   | Entered the Ecumenical Temple
 10880 | D:8      | Found a staircase to the Lair.
 11583 | D:8      | Reached skill level 8 in Conjurations
 12737 | D:8      | Got a smoking ring mail
 12748 | D:8      | Identified the cursed +0 ring mail of Heivumn {rElec Int+4} (You found it on level 8 of the Dungeon)
 12762 | Lair:1   | Entered Level 1 of the Lair of Beasts
 13274 | D:8      | HP: 1/85 [yak (11)]
 13895 | D:8      | Reached * piety under Vehumet
 13895 | D:8      | Offered knowledge of Flame Tongue by Vehumet.
 14186 | D:7      | HP: 4/86 [hippogriff (2)]
 14190 | D:7      | HP: 1/129 [quasit[miscasting Call Imp] (2)]
 14194 | D:7      | Slain by a hippogriff

Skill      XL: |  1  2  3  4  5  6  7  8  9 |
---------------+----------------------------+-----
Conjurations   | 2 3 4 5 6 7 8 |  8.6
Fighting       | 1 2 3 5 7 |  7.2
Fire Magic     | 1 2 3 5 7 |  7.3
Summonings     | 2 |  2.0
Dodging        | |  1.5
Stealth        | |  3.0
Spellcasting   | |  3.0
Translocations | |  1.0

Action                   |  1- 3 |  4- 6 |  7- 9 || total
-------------------------+-------+-------+-------++-------
Melee: Mace              |       |     1 |       ||     1
       Whip              |       |    15 |       ||    15
       Spear             |       |    11 |   310 ||   321
 Cast: Magic Dart        |    57 |   108 |   152 ||   317
       Call Imp          |     6 |    52 |   152 ||   210
 Abil: Spit Poison       |     1 |     5 |    15 ||    21
  Use: Scroll            |       |       |    19 ||    19
       Potion            |       |       |     2 ||     2
 Stab: Distracted        |       |     1 |     6 ||     7
  Eat: Chunk             |    11 |    11 |    32 ||    54
Armor: Robe              |    10 |    35 |   132 ||   177
       Ring mail         |       |       |    52 ||    52
Dodge: Dodged            |    17 |    53 |   221 ||   291
